 Dungeon Crawl Stone Soup version 0.26.1-11-gd32895ea62 (webtiles) character file.

Game seed: 5433228878031065488

2285 buriedalive the Frost Mage (level 9, -7/45 HPs)
             Began as a Deep Elf Ice Elementalist on May 21, 2021.
             Was an Initiate of Ashenzari.
             Mangled by Maggie
             ... wielding a +1 glaive of flaming
              (10 damage)
             ... on level 7 of the Dungeon.
             The game lasted 00:16:00 (7692 turns).

buriedalive the Frost Mage (DEIE)                   Turns: 7692, Time: 00:16:01

Health: -7/45      AC: 19    Str:  5    XL:     9   Next: 17%
Magic:  3/17       EV: 16    Int: 24    God:    Ashenzari [......]
Gold:   321        SH:  0    Dex: 15    Spells: 9/16 levels left

rFire    . . .     SeeInvis .   f - +7 pair of quick blades "Gyre" and "Gimble" {protect} (curse)
rCold    + . .     Faith    .   (shield currently unavailable)
rNeg     + . .     Spirit   .   o - +0 leather armour (curse)
rPois    .         Reflect  .   (no helmet)
rElec    .         Harm     .   w - +1 cloak
rCorr    .         Rampage  .   (no gloves)
Will     .....                  (no boots)
Stlth    ++........             (no amulet)
HPRegen  0.15/turn              s - ring of protection from cold (curse)
MPRegen  0.15/turn              y - ring of positive energy (curse)

@: icy armour, protection aura, frozen ramparts
A: no striking features
a: Renounce Religion, Curse Item


You were on level 7 of the Dungeon.
You worshipped Ashenzari.
Ashenzari was noncommittal.
You visited 2 branches of the dungeon, and saw 8 of its levels.

You collected 321 gold pieces.

Inventory:

Hand Weapons
 f - the cursed +7 pair of quick blades "Gyre" and "Gimble" (weapon) {protect}
   (You found it on level 5 of the Dungeon)

   It grants its wielder temporary protection when it strikes (+7 to AC).
   It has a curse placed upon it.
 g - a +0 dagger
 l - a +5 short sword of speed
 u - a +0 scimitar of protection
 x - the +3 falchion "Wokopaso" {pain, +Fly rF- Str+6}
   (You found it on level 4 of the Dungeon)

   In the hands of one skilled in necromantic magic, it inflicts extra damage on
   living creatures.
   It affects your strength (+6).
   It makes you vulnerable to fire.
   It lets you fly.
Missiles
 b - 7 atropa-tipped darts
 c - 266 stones
 C - 6 poisoned darts
Armour
 a - a +0 robe
 o - a cursed +0 leather armour (worn)
 w - a +1 cloak (worn)
 E - the cursed +0 leather armour of the Known World {*Slow rC+ Str+6}
   (You took it off an orc wizard on level 7 of the Dungeon)

   It affects your strength (+6).
   It protects you from cold.
   It may slow you when you take damage.
   It has a curse placed upon it.
Jewellery
 s - a cursed ring of protection from cold (left hand)
 t - a +4 ring of protection
 y - a cursed ring of positive energy (right hand)
Wands
 k - a wand of random effects (18)
 p - a wand of flame (18)
Scrolls
 d - 4 scrolls of remove curse
 e - 4 scrolls of magic mapping
 m - 6 scrolls of identify
 n - a scroll of fog
 q - a scroll of enchant weapon
 z - a scroll of teleportation
 D - a scroll of torment {unknown}
Potions
 h - a potion of haste
 i - 2 potions of flight
 j - a potion of magic
 r - 2 potions of brilliance
 v - 4 potions of lignification
 A - a potion of curing
 B - a potion of attraction {unknown}


   Skills:
 + Level 4.9 Short Blades
 + Level 8.9 Dodging
 - Level 2.4 Stealth
 - Level 4.4 Spellcasting
 + Level 9.9 Ice Magic


You had 9 spell levels left.
You knew the following spells:

 Your Spells              Type           Power        Failure   Level
a - Freeze                Ice            100%         1%          1
b - Frozen Ramparts       Ice            100%         1%          3
c - Ozocubu's Armour      Ice            52%          1%          3

Your spell library contained the following spells:

 Spells                   Type           Power        Failure   Level
 Hailstorm                Conj/Ice       29%          21%         4
 Summon Ice Beast         Ice/Summ       29%          21%         4


Dungeon Overview and Level Annotations

Branches:
Dungeon (7/15)             Temple (1/1) D:6

Altars:
Ashenzari
Dithmenos
Fedhas
Gozag
Kikubaaqudgha
Okawaru
Uskayaw
Xom
Beogh

Annotations:
D:5 3 runed translucent doors, Zeld's ghost, novice OpWr
D:7 Maggie


Message History

Something burns you.
* * * LOW HITPOINT WARNING * * *
The heat melts your icy armour.
Casting: Freeze (safe; 1% risk of failure)
Confirm with . or Enter, or press ? or * to list all spells.
You don't know that spell.
Okay, then.
Casting: Freeze (safe; 1% risk of failure)
Confirm with . or Enter, or press ? or * to list all spells.
Aiming: Freeze (safe; 1% risk of failure)
Press: ? - help, Shift-Dir - straight line You freeze something.
Unknown command.
Casting: Freeze (safe; 1% risk of failure)
Confirm with . or Enter, or press ? or * to list all spells.
Aiming: Freeze (safe; 1% risk of failure)
Press: ? - help, Shift-Dir - straight line You freeze something but do no damage.
The wall freezes something.
Something hits you!
You die...

..# #.# #.# #.#######
#.##....# #.##....#
#{##....#######
#@##....##....#
#.####.##....##....####
........................
......#.########.....###
....#.#.# ###.#.... ...
. #.# #.#..## .. .? #.#
#.#..# . .. #.# #.#..#
... ..# #.#..##


There were no monsters in sight!

Vanquished Creatures
  An orc warrior (D:7)
  A phantom (D:5)
  2 sky beasts
  2 necrophages (D:5)
  5 ogres
  3 centaurs
  A bullfrog (D:7)
  A wyvern zombie (D:7)
  A wyvern skeleton (D:7)
  A scorpion (D:4)
  A howler monkey (D:6)
  A quasit (D:7)
  3 orc priests
  5 orc wizards
  2 hounds (D:6)
  5 iguanas
  3 worker ants
  Ijyb (D:3)
  Natasha (D:2)
  A killer bee zombie (D:6)
  2 hound skeletons
  A worker ant zombie (D:6)
  A howler monkey skeleton (D:4)
  5 adders
  2 shadow imps (D:5)
  2 white imps (D:5)
  3 oozes
  An ufetubus (D:6)
  2 adder skeletons
  A dart slug (D:3)
  3 leopard geckos
  21 orcs
  4 bats
  3 giant cockroaches
  10 goblins
  5 hobgoblins
  2 quokkas (D:3)
  12 frilled lizards
  6 kobolds
  A leopard gecko zombie (D:6)
  6 rats
134 creatures vanquished.

Notes
Turn   | Place    | Note
-------+----------+-------------------------------------------
     0 | D:1      | buriedalive the Deep Elf Ice Elementalist began the quest
                  | for the Orb.
     0 | D:1      | Reached XP level 1. HP: 10/10 MP: 6/6
   208 | D:1      | Reached XP level 2. HP: 13/15 MP: 6/8
  1055 | D:2      | Reached XP level 3. HP: 19/19 MP: 10/10
  1287 | D:2      | Noticed Natasha
  1293 | D:2      | Killed Natasha
  1294 | D:2      | Reached skill level 5 in Ice Magic
  1887 | D:3      | Reached XP level 4. HP: 13/24 MP: 12/12
  2167 | D:3      | Learned a level 3 spell: Frozen Ramparts
  2171 | D:3      | Learned a level 3 spell: Ozocubu's Armour
  2399 | D:3      | Noticed Ijyb
  2410 | D:3      | Killed Ijyb
  2411 | D:3      | Reached XP level 5. HP: 21/28 MP: 10/13
  2582 | D:3      | Reached skill level 6 in Ice Magic
  2618 | D:3      | Found a shimmering altar of Xom.
  2625 | D:3      | Found a shimmering altar of Xom.
  2625 | D:3      | Found a shimmering altar of Xom.
  2625 | D:3      | Found a shimmering altar of Xom.
  2627 | D:3      | Found a shimmering altar of Xom.
  2932 | D:3      | Found an iron altar of Okawaru.
  3254 | D:4      | Reached XP level 6. HP: 22/32 MP: 9/14
  3450 | D:4      | Reached skill level 7 in Ice Magic
  3493 | D:4      | Got a masterwork falchion
  3494 | D:4      | Identified the +3 falchion "Wokopaso" {pain, +Fly rF-
                  | Str+6} (You found it on level 4 of the Dungeon)
  3606 | D:4      | Reached skill level 5 in Dodging
  4065 | D:4      | Reached XP level 7. HP: 36/36 MP: 13/15
  4594 | D:5      | Entered Level 5 of the Dungeon
  4665 | D:5      | Reached skill level 8 in Ice Magic
  4758 | D:5      | Found the +7 pair of quick blades "Gyre" and "Gimble"
                  | {protect}
  4830 | D:5      | Reached skill level 1 in Short Blades
  4883 | D:5      | Reached XP level 8. HP: 41/41 MP: 7/16
  5177 | D:5      | HP: 1/41 [centaur (7)]
  5789 | D:5      | Found a runed translucent gate.
  5800 | D:5      | Reached skill level 9 in Ice Magic
  5810 | D:5      | Noticed Zeld's ghost (novice OpWr)
  5845 | D:5      | Found a runed translucent gate.
  5846 | D:5      | Found a runed translucent gate.
  5853 | D:5      | Found a roughly hewn altar of Beogh.
  6497 | D:6      | Found a staircase to the Ecumenical Temple.
  6506 | Temple   | Entered the Ecumenical Temple
  6546 | Temple   | Became a worshipper of Ashenzari the Shackled
  6841 | D:6      | Identified the cursed +1 spear "Killer Klown's Peril"
                  | {freeze, rN+ Str-3 Dex+2}
  7067 | D:7      | Reached XP level 9. HP: 35/45 MP: 9/17
  7276 | D:7      | Identified the cursed +0 leather armour of the Known World
                  | {*Slow rC+ Str+6}
  7673 | D:7      | Noticed Maggie
  7690 | D:7      | HP: 2/45 [something (3)]
  7692 | D:7      | Mangled by Maggie

Illustrated notes

Levels and vault maps discovered:
D:1:      scummos_arrival_star, layout_rooms, grunt_decor_mini_mirrors,
          roderic_roman_lattice
D:2:      layout_basic, minmay_lizard_pond, uniq_natasha
D:3:      layout_basic, lemuel_coloured_pillars_altar, serial_bayou_pond_d,
          xom_redecorated, uniq_ijyb
D:4:      layout_loops_cross, amethyst_killhole
D:5:      layout_basic, biasface_ghost_orc_armoury
D:6:      layout_loops_ring, minmay_temple_entry_large_hall, corner_web_ring
D:7:      layout_basic, uniq_maggie
Temple:   minmay_crystal_snake_temple

Skill      XL: |  1  2  3  4  5  6  7  8 |
---------------+-------------------------+-----
Dodging        | 3 4 5 7 8 |  8.9
Spellcasting   | 4 |  4.4
Ice Magic      | 5 6 7 8 9 |  9.9
Short Blades   | 2 4 |  4.9
Stealth        | |  2.4

Action                   |  1- 3 |  4- 6 |  7- 9 || total
-------------------------+-------+-------+-------++-------
Melee: Unarmed           |     3 |       |       ||     3
       Dagger            |    14 |       |       ||    14
       Short sword       |     8 |       |       ||     8
       Scimitar          |    21 |    80 |    11 ||   112
       Pair of quick bla |       |       |   141 ||   141
 Cast: Freeze            |    32 |    21 |    14 ||    67
       Frozen Ramparts   |       |     7 |    16 ||    23
       Ozocubu's Armour  |       |     1 |    14 ||    15
Invok: Curse Item        |       |       |     4 ||     4
Evoke: Wand              |       |       |     1 ||     1
  Use: Scroll            |       |     1 |    14 ||    15
       Potion            |       |       |     5 ||     5
 Stab: Sleeping          |     3 |     3 |     4 ||    10
       Distracted        |       |       |     1 ||     1
Armor: Robe              |     9 |       |       ||     9
       Leather armour    |    15 |    33 |    23 ||    71
       Skin              |       |       |     7 ||     7
Dodge: Dodged            |    45 |    71 |    78 ||   194
       Rpst.: Scimitar   |     7 |    17 |     4 ||    28
